 Dungeon Sprint DCSS version 0.17-a0-1636-g3119f2b (webtiles) character file.

71653 Kidiri the Impregnable (level 14, -14/140 HPs)
             Began as a Minotaur Fighter on Aug 6, 2015.
             Was the Champion of Okawaru.
             Killed from afar by a hellephant (48 damage)
             ... with a blast of flame
             ... in the Dungeon (Sprint VII: "The Pits").
             The game lasted 00:31:36 (4855 turns).

Kidiri the Impregnable (Minotaur Fighter)           Turns: 4855, Time: 00:31:37

Health: -14/140    AC: 27    Str: 33    XL:     14   Next: 98%
Magic:  0/20       EV: 22    Int:  3    God:    Okawaru [******]
Gold:   50         SH: 18    Dex: 15    Spells: 0 memorised, 13 levels left

rFire  . . .     SeeInvis .     g - +5 broad axe
rCold  + + .     Clarity  .     G - +4 ring mail "Alynou" {rElec rC++ rN+ Int-2}
rNeg   + + .     SustAt   .     c - +0 shield
rPois  +         Gourm    .     J - +2 hat of the Bear Spirit {Spirit, +Rage rN+ MR++}
rElec  +         Spirit   +     s - +1 cloak
rCorr  .         Warding  .     x - +2 pair of gloves {Str+3}
rMut   .         NoTele   +     b - +0 pair of boots {run}
MR     +++..                    (no amulet)
Stlth  +.........               t - +4 ring of dexterity
                                L - ring of poison resistance

@: mighty, finesse, quick, extremely resistant to hostile enchantments, very
unstealthy
A: retaliatory headbutt, horns 2, thin metallic scales 1, mutation resistance 1
a: Heroism, Finesse, Renounce Religion, Evoke Berserk Rage


You were in the Dungeon.
You worshipped Okawaru.
Okawaru was exalted by your worship.
You were full.

You visited 1 branch You collected 50 gold pieces.

Inventory:

Hand weapons
 g - a +5 broad axe (weapon)
 A - the +1 hand axe "Ihekojis" {flame, +Rage Dex+3}
   (Okawaru gifted it to you in the Dungeon)

   It has been specially enchanted to burn those struck by it, causing extra
   injury to most foes and up to half again as much damage against particularly
   susceptible opponents.
   Big, fiery blades are also staple armaments of hydra-hunters.
   It affects your dexterity (+3).
   It lets you go berserk.
Armour
 b - a +0 pair of boots of running (worn)
 c - a +0 shield (worn)
 k - a +0 cloak of poison resistance
 l - a +2 gold dragon armour
 s - a +1 cloak (worn)
 x - a +2 pair of gloves of strength (worn)
 G - the +4 ring mail "Alynou" (worn) {rElec rC++ rN+ Int-2}
   (You found it in the Dungeon)

   It affects your intelligence (-2).
   It greatly protects you from cold.
   It insulates you from electricity.
   It protects you from negative energy.
 J - the +2 hat of the Bear Spirit (worn) {Spirit, +Rage rN+ MR++}
   (You found it in the Dungeon)

   It protects you from negative energy.
   It affects your resistance to hostile enchantments.
   It lets you go berserk.
Jewellery
 t - a +4 ring of dexterity (right hand)
 I - an uncursed ring of positive energy
 L - a ring of poison resistance (left hand)
Magical devices
 r - a wand of flame (25)
Scrolls
 o - 3 scrolls of remove curse
 p - 5 scrolls of amnesia
 q - a scroll of summoning
 B - 2 scrolls of fog
 D - 3 scrolls of fear
 H - 3 scrolls of holy word
Potions
 f - 4 potions of curing
 h - 2 potions of haste
 i - 4 potions of magic
 j - 5 potions of berserk rage
 n - 2 potions of invisibility
 z - 2 potions of brilliance
 C - 3 potions of agility
 F - a potion of cure mutation
Comestibles
 a - 40 fruits
 e - 10 bread rations
 m - 8 meat rations


   Skills:
 + Level 17.5 Fighting
 * Level 23.1 Axes
 * Level 23.2 Armour
 + Level 16.0 Dodging
 * Level 23.1 Shields
 - Level 10.1 Invocations
 + Level 6.4 Evocations


You had 13 spell levels left.
You didn't know any spells.

Dungeon Overview and Level Annotations

Branches:
Dungeon (1/1)

Altars:
Ashenzari
Cheibriados
Dithmenos
Elyvilon
Fedhas
Gozag
Kikubaaqudgha
Makhleb
Nemelex Xobeh
Okawaru
Qazlal
Ru
Sif Muna
Trog
Vehumet
Xom
Yredelemnul
Zin
The Shining One
Beogh
Jiyva
Lugonu


Innate Abilities, Weirdness & Mutations

You reflexively headbutt those who attack you in melee.
You have a pair of horns on your head.
You are partially covered in thin metallic scales (AC +2).
You are somewhat resistant to further mutation.


Message History

You barely miss the hellephant. You headbutt the hellephant!!
The hellephant is heavily wounded.
You block the hellephant's attack. x3
You hit the hellephant. You headbutt the hellephant.
The hellephant is heavily wounded.
You hit the hellephant.
The hellephant is heavily wounded.
You block the hellephant's attack. The hellephant misses you.
The hellephant misses you.
You slice the hellephant!! You headbutt the hellephant!
The hellephant is severely wounded.
You feel like a meek peon again.
You closely miss the hellephant. You headbutt the hellephant!
The hellephant is severely wounded.
You hit the hellephant but do no damage.
You headbutt the hellephant.
The hellephant is severely wounded.
The hellephant breathes flames at you. The blast of flame hits you!
You die...

#Y..## .t.. #...# ......###Z.
##...# .........#####..#.#
#.......))......#
#.##.....†#)..##.#
#........'.....)#
.........#####..#.######++#####
......###. ##..)##..........#
#...## .. #.@Y##[.........#
.#.# HY ##..†'..#....#..# ..


X.Y #..''..........# #####..........# ####################..#....#..#
..................''..........# ..................''..........#
################..##..#....#..# ##.#.#.#.#.#.#.#..##..........+ You could see a
hellephant.

Vanquished Creatures
  A deep elf blademaster (D)
  A sphinx (D)
  Gastronok (D)
  A storm dragon (D)
  An azure jelly (D)
  A greater naga (D)
  A deep elf sorcerer (D)
  Maud (D)
  A frost giant (D)
  2 orc warlords (D)
  An emperor scorpion (D)
  A war gargoyle (D)
  A spriggan defender (D)
  A green draconian (D)
  A purple draconian (D)
  A red draconian (D)
  A vault guard (D)
  An eidolon (D)
  2 merfolk javelineers (D)
  A fire dragon (D)
  3 yaktaur captains (D)
  A great orb of eyes (D)
  A rakshasa (D)
  A hydra (D)
  Erolcha (D)
  A catoblepas (D)
  A merfolk avatar (D)
  2 alligator snapping turtles (D)
  A deep troll shaman (D)
  2 vampire magi (D)
  2 death yaks (D)
  3 hell hogs (D)
  2 sun demons (D)
  A spriggan berserker (D)
  3 deep elf knights (D)
  A shadow wraith (D)
  A deep troll (D)
  An ice devil (D)
  An iron troll (D)
  11 orc knights (D)
  A hill giant (D)
  A deep elf summoner (D)
  A large abomination (D)
  Pikel (D)
  A necromancer (D)
  3 ugly things (D)
  A phantasmal warrior (D)
  A hornet (D)
  A sixfirhy (D)
  7 elephants (D)
  A wolf spider (D)
  A molten gargoyle (D)
  A spiny frog (D)
  Joseph (D)
  2 rust devils (D)
  A naga mage (D)
  An orange demon (D)
  2 gargoyles (D)
  3 kobold demonologists (D)
  4 yaktaurs (D)
  2 demonic crawlers (D)
  A hellwing (D)
  A guardian mummy (D)
  An efreet (D)
  5 merfolk (D)
  A troll (D)
  A polar bear (D)
  Prince Ribbit (D)
  2 blue devils (D)
  A wind drake (D)
  2 boulder beetles (D)
  10 blink frogs (D)
  A deep elf mage (D)
  A spriggan (D)
  A wyvern (D)
  3 wraiths (D)
  A tarantella (D)
  5 yaks (D)
  A ynoxinul (D)
  Grum (D)
  A basilisk (D)
  2 neqoxecs (D)
  A deep elf fighter (D)
  An air elemental (D)
  A chaos spawn (D)
  A mottled dragon (D)
  A hippogriff (D)
  3 wolves (D)
  3 orc warriors (D)
  2 nagas (D)
  A wasp (D)
  3 slaves (D)
  A centaur (D)
  An ogre (D)
  A big kobold (D)
  3 brain worms (D)
  5 wights (D)
  A scorpion (D)
  3 killer bees (D)
  A crimson imp (D)
  An orc priest (D)
  Terence (D)
  8 sheep (D)
  3 gnolls (D)
  An adder (D)
  A giant eyeball (D)
  2 adder zombies (D)
  An adder skeleton (D)
  An adder simulacrum (D)
  A giant gecko (D)
  2 orcs (D)
  3 ball pythons (D)
  A bat (D)
  A bat skeleton (D)
  A bat zombie (D)
  A goblin (D)
  8 kobolds (D)
  A ball python skeleton (D)
  A bat simulacrum (D)
  A giant gecko zombie (D)
  2 giant newts (D)
  A quokka zombie (D)
  2 rats (D)
220 creatures vanquished.

Vanquished Creatures (others)
  A sphinx (D)
  A death yak (D)
  A slave (D)
3 creatures vanquished.

Grand Total: 223 creatures vanquished

Notes
Turn   | Place    | Note
--------------------------------------------------------------
     0 | D        | Kidiri the Minotaur Fighter began the quest for the Orb.
     0 | D        | Reached XP level 1. HP: 19/19 MP: 0/0
    24 | D        | Found a sacrificial altar of Ru.
    24 | D        | Found a basalt altar of Yredelemnul.
    24 | D        | Found a shadowy altar of Dithmenos.
    24 | D        | Found a deep blue altar of Sif Muna.
    24 | D        | Found a burning altar of Makhleb.
    24 | D        | Found a shimmering altar of Xom.
    24 | D        | Found an ancient bone altar of Kikubaaqudgha.
    24 | D        | Found a sparkling altar of Nemelex Xobeh.
    25 | D        | Found a glowing golden altar of the Shining One.
    25 | D        | Found a bloodstained altar of Trog.
    25 | D        | Found a shattered altar of Ashenzari.
    25 | D        | Found a white marble altar of Elyvilon.
    25 | D        | Found a snail-covered altar of Cheibriados.
    25 | D        | Found a blossoming altar of Fedhas.
    25 | D        | Found a radiant altar of Vehumet.
    25 | D        | Found a glowing silver altar of Zin.
    25 | D        | Found a corrupted altar of Lugonu.
    25 | D        | Found a viscous altar of Jiyva.
    25 | D        | Found a roughly hewn altar of Beogh.
    25 | D        | Found an iron altar of Okawaru.
    31 | D        | Found a stormy altar of Qazlal.
    32 | D        | Found an opulent altar of Gozag.
    34 | D        | Became a worshipper of Warmaster Okawaru
    79 | D        | Reached skill level 4 in Armour
    85 | D        | Reached skill level 1 in Dodging
    85 | D        | Reached skill level 1 in Invocations
    85 | D        | Reached XP level 2. HP: 25/27 MP: 1/1
   118 | D        | Noticed a brain worm
   119 | D        | Noticed a brain worm
   121 | D        | Reached skill level 5 in Armour
   121 | D        | Reached skill level 5 in Shields
   121 | D        | Reached XP level 3. HP: 33/33 MP: 1/3
   122 | D        | Killed a brain worm
   122 | D        | Reached skill level 5 in Fighting
   122 | D        | Reached skill level 5 in Axes
   122 | D        | Reached skill level 6 in Armour
   122 | D        | Reached XP level 4. HP: 38/42 MP: 1/4
   123 | D        | Killed a brain worm
   123 | D        | Acquired Okawaru's first power
   123 | D        | Reached skill level 7 in Armour
   123 | D        | Reached XP level 5. HP: 43/48 MP: 1/6
   225 | D        | Noticed a deep elf fighter
   239 | D        | Noticed Prince Ribbit
   253 | D        | Killed a deep elf fighter
   253 | D        | Reached skill level 8 in Armour
   253 | D        | Reached XP level 6. HP: 35/57 MP: 4/8
   260 | D        | Killed Prince Ribbit
   260 | D        | Reached skill level 9 in Armour
   260 | D        | Reached skill level 5 in Dodging
   381 | D        | Noticed a troll
   385 | D        | Killed a troll
   385 | D        | Reached skill level 5 in Invocations
   385 | D        | Reached XP level 7. HP: 66/66 MP: 6/9
   390 | D        | Noticed a brain worm
   390 | D        | Noticed Terence
   390 | D        | Noticed an orc warrior
   395 | D        | Killed an orc warrior
   395 | D        | Reached skill level 10 in Armour
   395 | D        | Reached skill level 10 in Shields
   402 | D        | Killed a brain worm
   407 | D        | Killed Terence
   407 | D        | Reached skill level 10 in Axes
   422 | D        | Noticed a crimson imp
   422 | D        | Noticed a demonic crawler
   428 | D        | Killed a crimson imp
   441 | D        | Killed a demonic crawler
   441 | D        | Reached XP level 8. HP: 48/74 MP: 11/11
   577 | D        | Noticed a wolf spider
   577 | D        | Noticed Grum
   578 | D        | Noticed a wolf
   578 | D        | Noticed a wolf
   583 | D        | Killed a wolf spider
   583 | D        | Reached skill level 11 in Axes
   584 | D        | Killed a wolf
   586 | D        | Killed a wolf
   588 | D        | Killed Grum
   831 | D        | Noticed Pikel
   831 | D        | Noticed a slave
   831 | D        | Noticed a slave
   831 | D        | Noticed a slave
   831 | D        | Noticed a slave
   836 | D        | Noticed a wraith
   837 | D        | Killed a slave
   838 | D        | Killed a slave
   845 | D        | Killed Pikel
   845 | D        | Reached skill level 12 in Axes
   845 | D        | Reached XP level 9. HP: 81/83 MP: 10/13
   854 | D        | Killed a wraith
   864 | D        | Noticed an efreet
   867 | D        | Killed a freed slave
   873 | D        | Killed an efreet
   965 | D        | Noticed a molten gargoyle
   965 | D        | Noticed a blue devil
   965 | D        | Noticed a spriggan
   967 | D        | Killed a molten gargoyle
   976 | D        | Killed a blue devil
   976 | D        | Reached skill level 13 in Armour
   980 | D        | Killed a spriggan
   980 | D        | Acquired Okawaru's second power
   989 | D        | Noticed a wight
   992 | D        | Noticed a wight
   995 | D        | Killed a wight
  1000 | D        | Killed a wight
  1011 | D        | Noticed a boulder beetle
  1011 | D        | Noticed a boulder beetle
  1012 | D        | Noticed an elephant
  1019 | D        | Killed an elephant
  1019 | D        | Received a gift from Okawaru
  1019 | D        | Reached skill level 10 in Fighting
  1019 | D        | Reached XP level 10. HP: 57/93 MP: 14/14
  1027 | D        | Killed a boulder beetle
  1056 | D        | Killed a boulder beetle
  1058 | D        | Noticed a gargoyle
  1058 | D        | Noticed a wight
  1058 | D        | Noticed a wight
  1059 | D        | Noticed a wight
  1063 | D        | Killed a wight
  1065 | D        | Killed a wight
  1070 | D        | Killed a wight
  1074 | D        | Killed a gargoyle
  1075 | D        | Noticed a vampire mage
  1081 | D        | Killed a vampire mage
  1081 | D        | Reached skill level 14 in Armour
  1082 | D        | Noticed a hill giant
  1083 | D        | Noticed Erolcha
  1102 | D        | Killed a hill giant
  1111 | D        | Killed Erolcha
  1111 | D        | Received a gift from Okawaru
  1485 | D        | Noticed a wraith
  1485 | D        | Noticed a hellwing
  1485 | D        | Noticed a killer bee
  1485 | D        | Noticed a killer bee
  1485 | D        | Noticed a killer bee
  1491 | D        | Killed a killer bee
  1494 | D        | Killed a killer bee
  1497 | D        | Killed a wraith
  1501 | D        | Killed a killer bee
  1506 | D        | Killed a hellwing
  1513 | D        | Noticed a wolf
  1513 | D        | Noticed a rakshasa
  1518 | D        | Killed a wolf
  1520 | D        | Noticed a necromancer
  1521 | D        | Noticed a spiny frog
  1521 | D        | Noticed an orc knight
  1522 | D        | Noticed an orc warrior
  1524 | D        | Noticed a wyvern
  1525 | D        | Noticed an orc warrior
  1528 | D        | Killed a necromancer
  1529 | D        | Noticed an orc priest
  1530 | D        | Noticed an ogre
  1532 | D        | Killed a rakshasa
  1532 | D        | Reached skill level 15 in Armour
  1532 | D        | Reached skill level 10 in Dodging
  1532 | D        | Reached skill level 15 in Shields
  1532 | D        | Reached XP level 11. HP: 46/102 MP: 10/16
  1533 | D        | Noticed a guardian mummy
  1536 | D        | Killed a spiny frog
  1536 | D        | Reached skill level 15 in Axes
  1542 | D        | Killed a wyvern
  1545 | D        | Killed an ogre
  1562 | D        | Killed an orc warrior
  1564 | D        | Killed an orc priest
  1565 | D        | Killed an orc knight
  1569 | D        | Killed an orc warrior
  1577 | D        | Killed a guardian mummy
  1636 | D        | Noticed a centaur
  1638 | D        | Noticed a scorpion
  1638 | D        | Noticed a demonic crawler
  1641 | D        | Noticed Gastronok
  1649 | D        | Killed a centaur
  1655 | D        | Killed a demonic crawler
  1659 | D        | Killed a scorpion
  1670 | D        | Killed Gastronok
  1670 | D        | Reached skill level 16 in Armour
  1929 | D        | Noticed a ynoxinul
  1931 | D        | Noticed a red ugly thing
  1936 | D        | Killed a ynoxinul
  1937 | D        | Noticed a yak
  1937 | D        | Noticed a yak
  1938 | D        | Noticed a yak
  1938 | D        | Noticed a yak
  1939 | D        | Noticed a wasp
  1940 | D        | Noticed a gargoyle
  1941 | D        | Noticed Joseph
  1943 | D        | Noticed a yak
  1946 | D        | Killed a wasp
  1947 | D        | Killed a yak
  1947 | D        | Killed a red ugly thing
  1954 | D        | Killed a gargoyle
  1954 | D        | Reached skill level 10 in Invocations
  1955 | D        | Killed a yak
  1962 | D        | Killed Joseph
  1962 | D        | Killed a yak
  1965 | D        | Killed a yak
  1971 | D        | Killed a yak
  1988 | D        | Gained mutation: You are somewhat resistant to further mutation. [mutagenic meat]
  2088 | D        | Gained mutation: You are partially covered in thin metallic scales (AC +2). [potion of beneficial mutation]
  2191 | D        | Noticed a blink frog
  2191 | D        | Noticed a kobold demonologist
  2191 | D        | Noticed a hornet
  2191 | D        | Noticed a merfolk
  2191 | D        | Noticed a green draconian
  2191 | D        | Noticed a merfolk avatar
  2191 | D        | Noticed a basilisk
  2192 | D        | Noticed a blink frog
  2192 | D        | Noticed a sixfirhy
  2192 | D        | Noticed a merfolk
  2193 | D        | Noticed a merfolk javelineer
  2194 | D        | Noticed a spriggan berserker
  2194 | D        | Noticed a deep troll
  2197 | D        | Noticed a rust devil
  2201 | D        | Killed a sixfirhy
  2202 | D        | Noticed a deep troll shaman
  2205 | D        | Noticed a blink frog
  2208 | D        | Killed a blink frog
  2209 | D        | Killed a merfolk
  2212 | D        | Noticed a merfolk
  2215 | D        | Killed a merfolk javelineer
  2225 | D        | Killed a deep troll shaman
  2225 | D        | Reached skill level 17 in Armour
  2225 | D        | Reached XP level 12. HP: 73/113 MP: 5/18
  2226 | D        | Noticed a merfolk
  2227 | D        | Killed a green draconian
  2229 | D        | Noticed a kobold demonologist
  2229 | D        | Killed a blink frog
  2230 | D        | Killed a merfolk
  2236 | D        | Killed a deep troll
  2238 | D        | Noticed a phantasmal warrior
  2243 | D        | Killed a merfolk avatar
  2245 | D        | Noticed a vampire mage
  2246 | D        | Killed a rust devil
  2247 | D        | Noticed a wind drake
  2249 | D        | Killed a phantasmal warrior
  2256 | D        | Killed a kobold demonologist
  2259 | D        | Killed a hornet
  2265 | D        | Killed a spriggan berserker
  2267 | D        | Noticed a blink frog
  2268 | D        | Killed a wind drake
  2274 | D        | Killed a blink frog
  2274 | D        | Reached skill level 18 in Armour
  2275 | D        | Killed a kobold demonologist
  2276 | D        | Noticed a polar bear
  2277 | D        | Noticed a blink frog
  2279 | D        | Noticed a merfolk
  2282 | D        | Killed a shadow wraith
  2282 | D        | Received a gift from Okawaru
  2284 | D        | Noticed a merfolk javelineer
  2287 | D        | Killed a vampire mage
  2293 | D        | Killed a polar bear
  2294 | D        | Killed a blink frog
  2298 | D        | Noticed a deep elf mage
  2300 | D        | Killed a blink frog
  2305 | D        | Killed a deep elf mage
  2309 | D        | Killed a merfolk javelineer
  2316 | D        | Killed a merfolk
  2318 | D        | Killed a merfolk
  2320 | D        | Killed a merfolk
  2320 | D        | Killed a basilisk
  2321 | D        | Noticed a blink frog
  2326 | D        | Killed a blink frog
  2644 | D        | Noticed an orange demon
  2645 | D        | Noticed an ice devil
  2647 | D        | Noticed a hippogriff
  2651 | D        | Killed an orange demon
  2655 | D        | Killed a hippogriff
  2663 | D        | Killed an ice devil
  2672 | D        | Noticed a wraith
  2672 | D        | Noticed a four-headed hydra
  2678 | D        | Killed a six-headed hydra
  2680 | D        | Killed a wraith
  2753 | D        | Noticed a blue devil
  2755 | D        | Noticed a sun demon
  2763 | D        | Killed a blue devil
  2770 | D        | Killed a sun demon
  2784 | D        | Noticed a deep elf summoner
  2785 | D        | Noticed a tarantella
  2789 | D        | Killed a tarantella
  2789 | D        | Received a gift from Okawaru
  2789 | D        | Reached skill level 19 in Armour
  2789 | D        | Reached XP level 13. HP: 124/124 MP: 19/19
  2824 | D        | Killed a deep elf summoner
  2830 | D        | Identified a +0 pair of boots of running (Okawaru gifted it to you in the Dungeon)
  2838 | D        | Noticed a blink frog
  2839 | D        | Noticed a blink frog
  2844 | D        | Killed a blink frog
  2845 | D        | Noticed a blink frog
  2845 | D        | Noticed a blink frog
  2845 | D        | Noticed a rust devil
  2851 | D        | Killed a rust devil
  2853 | D        | Killed a blink frog
  2854 | D        | Killed a blink frog
  2862 | D        | Killed a blink frog
  3027 | D        | Noticed a great orb of eyes
  3027 | D        | Noticed a naga
  3027 | D        | Noticed an orc knight
  3027 | D        | Noticed an orc knight
  3027 | D        | Noticed an orc knight
  3027 | D        | Noticed an orc knight
  3027 | D        | Noticed an orc knight
  3028 | D        | Noticed an orc knight
  3028 | D        | Noticed an orc warlord
  3028 | D        | Noticed an orc warlord
  3028 | D        | Noticed a naga mage
  3028 | D        | Noticed a naga
  3028 | D        | Noticed an orc knight
  3031 | D        | Noticed an orc knight
  3032 | D        | Killed a great orb of eyes
  3032 | D        | Killed a naga
  3035 | D        | Killed a naga
  3048 | D        | Killed an orc knight
  3051 | D        | Killed an orc knight
  3052 | D        | Killed an orc warlord
  3060 | D        | Killed a naga mage
  3060 | D        | Killed an orc knight
  3064 | D        | Killed an orc warlord
  3065 | D        | Killed an orc knight
  3065 | D        | Reached skill level 15 in Fighting
  3070 | D        | Killed an orc knight
  3070 | D        | Reached skill level 20 in Armour
  3071 | D        | Killed an orc knight
  3071 | D        | Killed an orc knight
  3077 | D        | Killed an orc knight
  3124 | D        | Noticed a yaktaur captain
  3127 | D        | Noticed an orc knight
  3130 | D        | Noticed a deep elf knight
  3131 | D        | Noticed an orc knight
  3132 | D        | Noticed a sun demon
  3132 | D        | Noticed a deep elf knight
  3132 | D        | Noticed an iron troll
  3137 | D        | Killed a sun demon
  3145 | D        | Killed a yaktaur captain
  3149 | D        | Killed a deep elf knight
  3149 | D        | Killed an orc knight
  3149 | D        | Received a gift from Okawaru
  3150 | D        | Killed an orc knight
  3160 | D        | Killed an iron troll
  3167 | D        | Killed a deep elf knight
  3180 | D        | Got a pitted hand axe {god gift}
  3181 | D        | Identified the +1 hand axe "Ihekojis" {flame, +Rage Dex+3} (Okawaru gifted it to you in the Dungeon)
  3278 | D        | Noticed a vault guard
  3279 | D        | Noticed a yaktaur
  3280 | D        | Noticed an air elemental
  3281 | D        | Noticed a yaktaur
  3281 | D        | Noticed a deep elf blademaster
  3281 | D        | Noticed a yaktaur
  3281 | D        | Noticed a deep elf knight
  3282 | D        | Noticed a yaktaur
  3283 | D        | Noticed a yaktaur captain
  3286 | D        | Noticed a fire dragon
  3296 | D        | Killed a vault guard
  3313 | D        | Killed an air elemental
  3315 | D        | Killed a deep elf blademaster
  3325 | D        | Killed a yaktaur
  3328 | D        | Killed a deep elf knight
  3329 | D        | Killed a yaktaur
  3329 | D        | Reached skill level 21 in Armour
  3342 | D        | Killed a fire dragon
  3343 | D        | Noticed a yaktaur captain
  3346 | D        | Killed a yaktaur
  3351 | D        | Killed a yaktaur captain
  3351 | D        | Received a gift from Okawaru
  3352 | D        | Killed a yaktaur captain
  3352 | D        | Reached XP level 14. HP: 61/137 MP: 7/20
  3360 | D        | Killed a yaktaur
  3398 | D        | Got the +4 ring mail "Alynou" {rElec rC++ rN+ Int-2}
  3562 | D        | Killed a freed slave
  3710 | D        | Noticed a white ugly thing
  3710 | D        | Noticed a kobold demonologist
  3710 | D        | Noticed a big kobold
  3710 | D        | Noticed a storm dragon
  3722 | D        | Killed a white ugly thing
  3732 | D        | Killed a kobold demonologist
  3732 | D        | Reached skill level 1 in Evocations
  3734 | D        | Killed a big kobold
  3743 | D        | Killed a storm dragon
  3809 | D        | Noticed a hell hog
  3810 | D        | Noticed an emperor scorpion
  3810 | D        | Noticed a mottled dragon
  3810 | D        | Noticed an eidolon
  3811 | D        | Noticed a hell hog
  3812 | D        | Noticed Maud
  3814 | D        | Noticed a hell hog
  3829 | D        | Killed an eidolon
  3830 | D        | Killed a hell hog
  3831 | D        | Killed a mottled dragon
  3837 | D        | Killed a hell hog
  3848 | D        | Killed a hell hog
  3886 | D        | Killed an emperor scorpion
  3888 | D        | Killed Maud
  4184 | D        | Noticed an alligator snapping turtle
  4184 | D        | Noticed a white ugly thing
  4185 | D        | Noticed a spriggan defender
  4185 | D        | Noticed a chaos spawn
  4185 | D        | Noticed an azure jelly
  4186 | D        | Noticed a frost giant
  4186 | D        | Noticed a purple draconian
  4191 | D        | Noticed a sphinx
  4200 | D        | Killed a white ugly thing
  4204 | D        | Noticed a greater naga
  4209 | D        | Killed a frost giant
  4209 | D        | Received a gift from Okawaru
  4209 | D        | Reached skill level 22 in Armour
  4209 | D        | Reached skill level 15 in Dodging
  4213 | D        | Killed a chaos spawn
  4233 | D        | Killed a purple draconian
  4235 | D        | Noticed an elephant
  4254 | D        | Killed a spriggan defender
  4270 | D        | Killed a sphinx
  4302 | D        | Killed a greater naga
  4317 | D        | Killed an elephant
  4327 | D        | Killed an alligator snapping turtle
  4690 | D        | Noticed a neqoxec
  4697 | D        | Killed a neqoxec
  4723 | D        | Killed an azure jelly
  4759 | D        | Noticed a death yak
  4759 | D        | Noticed an alligator snapping turtle
  4759 | D        | Noticed a catoblepas
  4759 | D        | Noticed a red draconian
  4759 | D        | Noticed a deep elf sorcerer
  4759 | D        | Noticed an elephant
  4760 | D        | Noticed a war gargoyle
  4761 | D        | Noticed a large abomination
  4761 | D        | Noticed an elephant
  4761 | D        | Noticed a sphinx
  4762 | D        | Noticed a death yak
  4762 | D        | Noticed an elephant
  4770 | D        | Noticed an elephant
  4773 | D        | Killed an elephant
  4773 | D        | Reached skill level 5 in Evocations
  4776 | D        | Killed a deep elf sorcerer
  4776 | D        | Received a gift from Okawaru
  4781 | D        | Killed a death yak
  4782 | D        | Noticed a death yak
  4783 | D        | Killed an elephant
  4784 | D        | Noticed a hellephant
  4785 | D        | Noticed a neqoxec
  4787 | D        | Noticed an elephant
  4790 | D        | Killed an elephant
  4794 | D        | Killed a red draconian
  4796 | D        | Killed a sphinx
  4797 | D        | Killed an elephant
  4797 | D        | Reached skill level 23 in Armour
  4804 | D        | Killed a death yak
  4819 | D        | Killed a war gargoyle
  4824 | D        | Killed a neqoxec
  4826 | D        | Killed an elephant
  4833 | D        | Killed a large abomination
  4833 | D        | Killed a catoblepas
  4841 | D        | Killed a death yak
  4845 | D        | Killed an alligator snapping turtle
  4855 | D        | Killed from afar by a hellephant

Vault maps used:
D:        pitsprint

Action                   |  1- 3 |  4- 6 |  7- 9 | 10-12 | 13-15 || total
-------------------------+-------+-------+-------+-------+-------++-------
Melee: Hand axe          |    14 |    25 |    31 |       |   249 ||   319
       War axe           |     1 |       |    57 |   346 |   117 ||   521
       Flail             |       |       |       |     1 |       ||     1
       Broad axe         |       |       |       |       |    81 ||    81
Invok: Heroism           |       |     2 |     3 |     5 |     8 ||    18
       Finesse           |       |       |       |     5 |     6 ||    11
Evoke: Wand              |       |       |       |       |     4 ||     4
  Use: Potion            |       |       |       |    12 |    14 ||    26
       Scroll            |       |       |       |     4 |     2 ||     6
  Eat: Chunk             |       |       |     1 |     5 |     1 ||     7
       Meat ration       |       |       |       |     1 |       ||     1
       Beef jerky        |       |       |       |     1 |       ||     1
       Bread ration      |       |       |       |       |     2 ||     2
